 Dungeon Crawl Stone Soup version 0.30-a0-305-g026cb31310 (webtiles) character file.

Game seed: 1715338170855076220

1569 Pooter the Fighter (level 8, 0/73 (78) HPs)
             Began as a Minotaur Berserker on Oct 22, 2022.
             Was a Believer of Trog.
             Slain by a wight
             ... wielding a +5 flail
              (4 damage)
             ... on level 6 of the Dungeon.
             The game lasted 00:18:09 (5214 turns).

Pooter the Fighter (Minotaur Berserker)             Turns: 5214, Time: 00:18:09

HP:   0/73 (78)     AC: 14    Str: 29    XL:     8   Next: 59%
MP:   7/7           EV:  8    Int:  4    God:    Trog [**....]
Gold: 119           SH:  6    Dex: 11    Spells: 7/7 levels left

rFire   . . .      SeeInvis .    a - +1 war axe (drain)
rCold   + . .      Faith    .    E - +0 kite shield
rNeg    + . .      Spirit   .    I - +7 Kryia's mail coat {PotionHeal*2 rC+}
rPois   .          Reflect  .    (helmet restricted)
rElec   .          Harm     .    (no cloak)
rCorr   .          Rampage  .    n - +0 pair of gloves
Will    ++...                    (no boots)
Stlth   ..........               (no amulet)
HPRegen 1.32/turn                N - ring of positive energy
MPRegen 0.10/turn                i - +6 ring of strength

@: strong-willed, on berserk cooldown, regenerating, slowed, drained, very slow
A: horns 2, retaliatory headbutt
a: Renounce Religion, Berserk, Trog's Hand


You were on level 6 of the Dungeon.
You worshipped Trog.
Trog was pleased with you.
You visited 1 branch of the dungeon, and saw 6 of its levels.

You collected 265 gold pieces.
You spent 146 gold pieces at shops.

Inventory:

Hand Weapons
 a - a +1 war axe of draining (weapon)
   (You bought it in a shop on level 3 of the Dungeon)
 b - a +0 sling
   (You found it on level 3 of the Dungeon)
 p - a +4 spear of flaming
   (You took it off a gnoll sergeant on level 5 of the Dungeon)
 y - a +0 vorpal war axe
   (You found it on level 2 of the Dungeon)
 D - a +1 trident of protection
   (You found it on level 5 of the Dungeon)
Missiles
 j - 6 boomerangs of dispersal {!f}
 s - 9 poisoned darts
 H - 2 boomerangs
 Q - 36 stones (quivered)
Armour
 n - a +0 pair of gloves (worn)
   (You found it on level 3 of the Dungeon)
 E - a +0 kite shield (worn)
   (You took it off a gnoll sergeant on level 5 of the Dungeon)
 I - the +7 Kryia's mail coat (worn) {PotionHeal*2 rC+}
   (You found it on level 5 of the Dungeon)

   Potions are twice as effective at healing its wearer.
   rC:        It protects you from cold.
Jewellery
 i - a +6 ring of strength (right hand)
   (You found it on level 2 of the Dungeon)
 N - a ring of positive energy (left hand)
   (You found it on level 2 of the Dungeon)
Wands
 f - a wand of flame (17)
   (You found it on level 4 of the Dungeon)
Scrolls
 c - a scroll of blinking {unknown}
 d - 2 scrolls of vulnerability {unknown}
 e - a scroll of teleportation {unknown}
 h - a scroll of enchant weapon {unknown}
 m - a scroll of fog {unknown}
 t - a scroll of brand weapon {unknown}
 u - a scroll of magic mapping {unknown}
 v - a scroll of immolation {unknown}
 w - a scroll of torment {unknown}
 C - a scroll of amnesia {unknown}
 F - a scroll of poison {unknown}
 G - a scroll of identify {unknown}
 J - a scroll of noise {unknown}
Potions
 g - 2 potions of cancellation {unknown}
 k - a potion of berserk rage {unknown}
 l - 2 potions of flight {unknown}
 o - a potion of haste {unknown}
 q - 2 potions of resistance {unknown}
 r - 2 potions of brilliance {unknown}
 x - a potion of mutation {unknown}
 z - a potion of might {unknown}
 A - 3 potions of curing {unknown}
 B - a potion of magic {unknown}


   Skills:
 * Level 9.4 Fighting
 + Level 7.0 Axes
 - Level 0.2(4.3) Polearms
 * Level 6.8 Ranged Weapons
 - Level 2.4 Armour
 - Level 2.1 Dodging


You had 7 spell levels left.
You didn't know any spells.
Your spell library was empty.

Dungeon Overview and Level Annotations

Branches:
Dungeon (6/15)
 Temple: D:4-7

Altars:
Hepliaklqana
Trog

Shops:
D:3 *


Innate Abilities, Weirdness & Mutations

You have a pair of horns on your head.
You reflexively headbutt those who attack you in melee.


Message History

* * * LOW HITPOINT WARNING * * *
The wight hits you but does no damage.
The centaur hits you but does no damage.
The centaur kicks you but does no damage.
The wight hits you but does no damage. You block the wight's attack.
The wight hits you but does no damage. x2; The wight misses you.
You furiously retaliate!
You headbutt the wight!
You destroy the wight!
Trog accepts your kill. The centaur closely misses you.
The centaur kicks you but does no damage.
Unknown command.
Okay, then.
You hit the centaur. You drain the centaur. You hit the wight.
You slash the wight! You hit the wight. The centaur barely misses you.
You furiously retaliate!
You headbutt the centaur!
You kill the centaur!
Trog accepts your kill.
The wight hits you from afar with a +0 spear.
* * * LOW HITPOINT WARNING * * *
The wight hits you with a +3 great sword.
* * * LOW HITPOINT WARNING * * *
The wight hits you but does no damage. You block the wight's attack.
The wight barely misses you. The wight closely misses you.
You block the wight's attack. The wight closely misses you.
You furiously retaliate!
You headbutt the wight!
You destroy the wight!
Trog accepts your kill. The wight hits you but does no damage.
Your Axes skill increases to level 7!
You barely miss the wight. Your headbutt misses the wight. You hit the wight.
You hit the wight but do no damage. The wight hits you but does no damage.
The wight hits you with a +2 flail!
* * * LOW HITPOINT WARNING * * *
You partially resist.
You feel drained.
* * * LOW HITPOINT WARNING * * *
The wight hits you with a +2 dagger.
* * * LOW HITPOINT WARNING * * *
You partially resist.
You feel drained.
The wight hits you from afar with a +0 spear.
* * * LOW HITPOINT WARNING * * *
You partially resist.
You feel drained. The wight barely misses you. You furiously retaliate!
You headbutt the wight! The wight barely misses you.
The wight hits you but does no damage. The wight hits you with a +2 flail.
* * * LOW HITPOINT WARNING * * *
You partially resist.
You feel drained. The wight hits you with a +2 dagger!
* * * LOW HITPOINT WARNING * * *
You slash the wight! You hit the wight but do no damage. x2
You barely miss the wight. The wight hits you with a +5 flail.
You die...

#.##.##...#..#
......#......###
.............#.##
................# #####
.....)..........###.....
.....))..........#.._.#
..............#.......#
.............###.)..###.
............####@z......
............#..zzz......
.................z##...#
......##...........# ..#
.<##......###.#....# .
......#...# ###.#.....
..#..##.... #.#.....
.##.. #.... ......... .#
.........8 8......#.


You could see 5 wights.

Vanquished Creatures
  A water moccasin (D:6)
  An ice beast (D:6)
  A centaur (D:6)
  A necrophage (D:5)
  2 gnoll sergeants
  2 scorpions (D:5)
  3 wights (D:6)
  2 howler monkeys (D:6)
  5 hounds
  2 orc priests (D:4)
  4 jellies
  A gnoll bouda (D:6)
  5 iguanas
  11 gnolls
  7 adders
  2 worms
  10 orcs
  4 endoplasms
  2 giant cockroaches
  6 goblins
  8 hobgoblins
  4 jackals (D:2)
  A quokka (D:1)
  7 ball pythons
  5 bats
  A frilled lizard (D:1)
  3 kobolds
  7 rats
108 creatures vanquished.

Notes
Turn   | Place    | Note
-------+----------+-------------------------------------------
     0 | D:1      | Pooter the Minotaur Berserker began the quest for the Orb.
     0 | D:1      | Reached XP level 1. HP: 19/19 MP: 0/0
   115 | D:1      | Reached skill level 4 in Fighting
   143 | D:1      | Reached XP level 2. HP: 24/27 MP: 1/1
   996 | D:2      | Identified the +5 leather armour "Bof Kahe" {Dex+2}
  1134 | D:2      | Reached XP level 3. HP: 30/34 MP: 2/2
  1236 | D:2      | Reached ** piety under Trog
  1620 | D:2      | Reached skill level 5 in Fighting
  1683 | D:2      | Found a faded altar of an unknown god.
  2195 | D:3      | Reached XP level 4. HP: 41/42 MP: 3/3
  2607 | D:3      | Found Laj Lan's General Store.
  2944 | D:4      | Reached skill level 1 in Ranged Weapons
  3222 | D:4      | Reached XP level 5. HP: 50/50 MP: 4/4
  3325 | D:4      | Reached skill level 6 in Fighting
  3326 | D:4      | Reached skill level 5 in Axes
  3443 | D:4      | Reached XP level 6. HP: 57/58 MP: 5/5
  3829 | D:3      | Bought a +1 war axe of draining for 146 gold pieces
  4046 | D:5      | Entered Level 5 of the Dungeon
  4088 | D:5      | Reached skill level 7 in Fighting
  4145 | D:5      | Reached XP level 7. HP: 66/66 MP: 6/6
  4563 | D:5      | Reached skill level 8 in Fighting
  4563 | D:5      | Reached skill level 5 in Ranged Weapons
  4668 | D:5      | Found the +7 Kryia's mail coat {PotionHeal*2 rC+}
  4990 | D:6      | Found a hazy altar of Hepliaklqana.
  5018 | D:6      | Reached XP level 8. HP: 75/75 MP: 7/7
  5129 | D:6      | Reached skill level 9 in Fighting
  5204 | D:6      | Found a bloodstained altar of Trog.
  5213 | D:6      | HP: 1/73 [wight/+2 dagger (9)]
  5214 | D:6      | Slain by a wight

Illustrated notes

Levels and vault maps discovered:
D:1:      saegor_arrival_simple_a, layout_basic, st_stairs_13
D:2:      layout_loops_corners, shapermc_ecumenical_altar_flowoftime
D:3:      layout_basic, serial_shops, shop
D:4:      layout_loops_corners
D:5:      layout_gridville
D:6:      layout_cave_pools, nicolae_overflow_crystal_walls, bloody_trog,
          serial_shops, nicolae_diamond_shop, ebering_dispersal_statue_hall

Skill      XL: |  1  2  3  4  5  6  7  8 |
---------------+-------------------------+-----
Fighting       | 4 5 6 7 8 9 |  9.4
Axes           | 4 5 6 7 |  7.0
Ranged Weapons | 1 2 4 5 6 |  6.8
Polearms       | |  0.2
Armour         | |  2.4
Dodging        | |  2.1

Action                   |  1- 3 |  4- 6 |  7- 9 || total
-------------------------+-------+-------+-------++-------
Melee: Hand axe          |    70 |       |       ||    70
       Headbutt          |     8 |     8 |    10 ||    26
       War axe           |    14 |    49 |    54 ||   117
 Fire: Sling             |       |    24 |     4 ||    28
Throw: Dart              |       |       |     2 ||     2
       Boomerang         |       |       |     1 ||     1
Invok: Berserk           |       |     3 |     2 ||     5
       Trog's Hand       |       |     1 |     2 ||     3
Armor: Animal skin       |     5 |       |       ||     5
       Scale mail        |     7 |       |    37 ||    44
       Leather armour    |    10 |    25 |     6 ||    41
Dodge: Dodged            |    47 |    38 |    38 ||   123
Block: Kite shield       |       |       |    22 ||    22

Table legend: (Time is in decaauts)
 A = Elapsed time spent in this place.
 B = Non-inter-level travel time spent in this place.
 C = Inter-level travel time spent in this place.
 D = Time resting spent in this place.
 E = Time spent auto-exploring this place.
 F = Levels seen in this place.
 G = Mean time per level.
                   A        B        C        D        E       F      G
               +--------+--------+--------+--------+--------+-----+--------+
         Total |   5290 |   5143 |    147 |    247 |   4028 |   6 |  881.7 |
       Dungeon |   5290 |   5143 |    147 |    247 |   4028 |   6 |  881.7 |
               +--------+--------+--------+--------+--------+-----+--------+

Top non-repeatable levels by time:
     D:4: 1120 daAuts
     D:2: 1026 daAuts
     D:3: 986 daAuts
     D:1: 954 daAuts
     D:5: 932 daAuts
     D:6: 270 daAuts
